 Dungeon Crawl Stone Soup version 0.17.1-2-g5865329 (webtiles) character file.

3585 SenorMeltyface the Cleaver (level 9, -6/78 HPs)
             Began as a Minotaur Fighter on Apr 12, 2016.
             Killed by Freeze
             ... invoked by aurelian's ghost
              (20 damage)
             ... on level 7 of the Dungeon.
             The game lasted 00:18:23 (6117 turns).

SenorMeltyface the Cleaver (Minotaur Fighter)       Turns: 6117, Time: 00:18:23

Health: -6/78      AC:  8    Str: 28    XL:     9   Next: 85%
Magic:  8/8        EV: 12    Int:  5    God:
Gold:   47         SH: 11    Dex:  9    Spells: 0 memorised, 8 levels left

rFire  . . .     SeeInvis +     a - +2 war axe
rCold  . . .     Clarity  .     B - +0 ring mail of Theory {Str+3 SInv}
rNeg   + . .     SustAt   .     c - +0 shield
rPois  .         Gourm    .     (helmet unavailable)
rElec  +         Spirit   .     (no cloak)
rCorr  .         Warding  .     h - +0 pair of gloves
rMut   .         Stasis   .     (no boots)
MR     +....                    (no amulet)
Stlth  ..........               x - ring of Shadows {Umbra +Inv rN+ SInv}
                                l - ring of protection from magic

@: wreathed by umbra, drained, somewhat resistant to hostile enchantments,
extremely unstealthy
A: retaliatory headbutt, horns 3, molten scales 1, electricity resistance
a: Evoke Invisibility


You were on level 7 of the Dungeon.
You were not hungry.

You visited 1 branch of the dungeon, and saw 7 of its levels.

You collected 281 gold pieces.
You spent 234 gold pieces at shops.

Inventory:

Hand Weapons
 a - a +2 war axe (weapon)
Armour
 b - a +0 scale mail
 c - a +0 shield (worn)
 f - a +1 scale mail of fire resistance
 h - a +0 pair of gloves (worn)
 j - a +1 ring mail of magic resistance
 B - the +0 ring mail of Theory (worn) {Str+3 SInv}
   (You bought it in a shop on level 6 of the Dungeon)

   It affects your strength (+3).
   It lets you see invisible.
Jewellery
 l - a ring of protection from magic (left hand)
 x - the ring of Shadows (right hand) {Umbra +Inv rN+ SInv}
   (You found it on level 6 of the Dungeon)

   [ring of invisibility]

   It protects you from negative energy.
   It lets you see invisible.
   It lets you turn invisible.
 y - an uncursed amulet of stasis
Wands
 z - a wand of confusion (24)
 C - a wand of fire (7)
 E - a wand of slowing (32)
Scrolls
 d - 7 scrolls of identify
 i - 7 scrolls of remove curse
 n - 3 scrolls of magic mapping
 q - a scroll of amnesia
 s - a scroll of teleportation
 t - a scroll of recharging
Potions
 o - 2 potions of curing
 p - 2 potions of cancellation
 r - 4 potions of magic
 v - a potion of brilliance
 A - a potion of berserk rage
Books
 m - a book of Cantrips

   Spells                             Type                      Level
   a - Corona                         Hexes                        1
   b - Animate Skeleton               Necromancy                   1
   c - Summon Small Mammal            Summoning                    1
   d - Apportation                    Translocation                1
Comestibles
 e - 6 bread rations
 g - a slice of pizza
 k - a meat ration
 u - 4 fruits
 w - 9 chunks of flesh
 D - 6 beef jerkies


   Skills:
 * Level 6.4(6.1) Fighting
 * Level 9.7(9.4) Axes
 + Level 7.1(6.7) Armour
 * Level 8.0(7.7) Dodging
 + Level 8.1(7.8) Shields


You had 8 spell levels left.
You didn't know any spells.

Dungeon Overview and Level Annotations

Branches:
Dungeon (7/15)             Temple (0/1) D:6

Altars:
Ashenzari
Dithmenos
Elyvilon
Fedhas
Makhleb
Nemelex Xobeh
Qazlal
Xom
Zin

Shops:
D:6 [

Annotations:
D:7 aurelian's ghost, novice DrIE


Innate Abilities, Weirdness & Mutations

You reflexively headbutt those who attack you in melee.
You have a pair of large horns on your head.
You are partially covered in molten scales (AC +1).
You are resistant to electric shocks.


Message History

The giant frog is lightly wounded.
You block the giant frog's attack.
The ice beast hits you but does no damage.
Aurelian's ghost casts a spell at you. The shard of ice hits you!
* * * LOW HITPOINT WARNING * * *
You block the giant frog's attack.
You slash aurelian's ghost! Your headbutt misses aurelian's ghost.
Aurelian's ghost is heavily damaged.
You closely miss the giant frog.
The giant frog is lightly wounded.
You closely miss the ice beast.
The ice beast is severely wounded.
You block the giant frog's attack. The ice beast hits you.
* * * LOW HITPOINT WARNING * * *
The ice beast freezes you.
* * * LOW HITPOINT WARNING * * *
Aurelian's ghost casts a spell at you.
You are frozen.
You die...

... #. #.# #. #.# #. #.#
#. #.#
######.#############.###
........................
........)..........####.
......W@...........# #.
......FY..####.....# #.
....##.....# ####### #.
... #.###.# #. . #. .#
#. #. .. #. '. #.#
######. ## .. ........
#######.


You could see an ice beast, a giant frog and aurelian's ghost.

Vanquished Creatures
  Pikel (D:5)
  Prince Ribbit (D:5)
  A two-headed ogre (D:4)
  Sigmund (D:5)
  5 yaks (D:7)
  Eustachio (D:5)
  The ghost of RonnieColeman the Conjurer, an amateur OpCj (D:3)
  A black bear (D:6)
  3 ogres
  A centaur (D:5)
  2 big kobolds
  2 giant frogs
  6 hounds
  2 orc priests
  4 orc wizards
  2 giant frog skeletons
  3 iguanas
  6 worker ants
  A hound zombie (D:6)
  4 gnolls (D:3)
  8 adders
  2 shadow imps
  An ooze (D:2)
  An adder zombie (D:6)
  2 worms
  3 giant geckos
  23 orcs
  12 bats
  8 goblins
  8 hobgoblins
  14 jackals
  17 kobolds
  6 ball pythons
  3 giant cockroaches
  3 giant newts
  3 quokkas
  9 rats
  2 fungi (D:5)
  A plant (D:1)
174 creatures vanquished.

Notes
Turn   | Place    | Note
--------------------------------------------------------------
     0 | D:1      | SenorMeltyface the Minotaur Fighter began the quest for the Orb.
     0 | D:1      | Reached XP level 1. HP: 19/19 MP: 0/0
   126 | D:1      | Reached XP level 2. HP: 24/27 MP: 1/1
   138 | D:1      | Found a sparkling altar of Nemelex Xobeh.
   411 | D:1      | Gained mutation: You have a pair of large horns on your head. [potion of mutation]
   411 | D:1      | Gained mutation: You are partially covered in molten scales (AC +1). [potion of mutation]
   411 | D:1      | Gained mutation: You are resistant to electric shocks. [potion of mutation]
   542 | D:1      | Reached XP level 3. HP: 33/33 MP: 2/2
   731 | D:2      | Reached skill level 4 in Armour
   901 | D:2      | Reached skill level 1 in Dodging
  1005 | D:2      | Reached XP level 4. HP: 33/40 MP: 3/3
  1046 | D:2      | Found a shadowy altar of Dithmenos.
  1360 | D:3      | Noticed RonnieColeman's ghost (amateur OpCj)
  1366 | D:3      | Killed RonnieColeman's ghost
  1366 | D:3      | Reached XP level 5. HP: 34/46 MP: 4/4
  1402 | D:3      | Reached skill level 5 in Axes
  1409 | D:3      | Found a sparkling altar of Nemelex Xobeh.
  1411 | D:3      | Found a shimmering altar of Xom.
  1415 | D:3      | Found a shattered altar of Ashenzari.
  1466 | D:3      | Reached XP level 6. HP: 23/52 MP: 5/5
  2430 | D:4      | Reached skill level 5 in Shields
  2430 | D:4      | Reached XP level 7. HP: 7/60 MP: 6/6
  2779 | D:4      | Found a white marble altar of Elyvilon.
  3354 | D:4      | Noticed a two-headed ogre
  3359 | D:4      | Killed a two-headed ogre
  3359 | D:4      | Reached skill level 6 in Axes
  3359 | D:4      | Reached skill level 5 in Armour
  3647 | D:5      | Entered Level 5 of the Dungeon
  3651 | D:5      | Reached skill level 5 in Fighting
  3850 | D:5      | Noticed Eustachio
  3861 | D:5      | Killed Eustachio
  3861 | D:5      | Reached skill level 5 in Dodging
  3861 | D:5      | Reached XP level 8. HP: 57/68 MP: 7/7
  3874 | D:5      | Found a stormy altar of Qazlal.
  3877 | D:5      | Found a blossoming altar of Fedhas.
  3946 | D:5      | Noticed Prince Ribbit
  3962 | D:5      | Killed Prince Ribbit
  3962 | D:5      | Reached skill level 7 in Axes
  4181 | D:5      | Noticed Pikel
  4197 | D:5      | Killed Pikel
  4197 | D:5      | Reached skill level 8 in Axes
  4475 | D:5      | Noticed Sigmund
  4483 | D:5      | Killed Sigmund
  4483 | D:5      | Reached XP level 9. HP: 69/75 MP: 8/8
  4575 | D:5      | Found a burning altar of Makhleb.
  4642 | D:6      | Found a staircase to the Ecumenical Temple.
  5037 | D:6      | Found Nitru's Antique Armour Boutique.
  5045 | D:6      | Bought an ancient ring mail for 234 gold pieces
  5055 | D:6      | Identified the +0 ring mail of Theory {Str+3 SInv} (You bought it in a shop on level 6 of the Dungeon)
  5619 | D:7      | Reached skill level 9 in Axes
  5979 | D:7      | Found a glowing silver altar of Zin.
  6102 | D:7      | Noticed aurelian's ghost (novice DrIE)
  6117 | D:7      | Killed from afar by aurelian's ghost

Action                   |  1- 3 |  4- 6 |  7- 9 || total
-------------------------+-------+-------+-------++-------
Melee: War axe           |   115 |    83 |   245 ||   443
  Use: Scroll            |     4 |     3 |     2 ||     9
       Potion            |     2 |     4 |     7 ||    13
  Eat: Chunk             |     1 |     4 |    13 ||    18
